TOP OF THE 1ST |
Oakland Athletics batting - Pitching for Seattle Mariners : RHP Bas Kooy
|
Pitching: RHP Bas Kooy
|
|
Batting: SHB Moe Lester
|
0-0: Foul Ball, location: 2F 0-1: Foul Ball, location: 2F 0-2: Ball 1-2: Ground out 4-3 (Groundball, 4, EV 103.8 MPH)
|
Batting: RHB Muneo Kawachi
|
0-0: Ball 1-0: Ball 2-0: Foul Ball, location: 2F 2-1: SINGLE (Groundball, 56D, EV 100.0 MPH)
|
Batting: LHB Joel Kunkler
|
0-0: Called Strike 0-1: Ball 1-1: Called Strike 1-2: Ball Muneo Kawachi is caught stealing 2nd base 2-6 2-2: Strikes out swinging
|
Top of the 1st over - 0 runs, 1 hit, 0 errors, 0 left on base; Oakland 0 - Seattle 0 |
BOTTOM OF THE 1ST |
Seattle Mariners batting - Pitching for Oakland Athletics : RHP Taek-gyun Kym
|
Pitching: RHP Taek-gyun Kym
|
|
Batting: LHB Dae-ik Yoon
|
0-0: Swinging Strike 0-1: Swinging Strike 0-2: Ball 1-2: Strikes out looking
|
Batting: SHB Floyd-William Goof
|
0-0: Fly out, F9 (Flyball, 9LSF, EV 80.0 MPH)
|
Batting: LHB Bi-jun Chien
|
0-0: Ball 1-0: Ball 2-0: Foul Ball, location: 2F 2-1: Swinging Strike 2-2: Strikes out swinging
|
Bottom of the 1st over - 0 runs, 0 hits, 0 errors, 0 left on base; Oakland 0 - Seattle 0 |
TOP OF THE 2ND |
Oakland Athletics batting - Pitching for Seattle Mariners : RHP Bas Kooy
|
Batting: LHB Sakae Kasahara
|
0-0: Called Strike 0-1: Foul Ball, location: 2F 0-2: Ball 1-2: Foul Ball, location: 2F 1-2: Strikes out swinging
|
Batting: SHB Quincy Bradford
|
0-0: Called Strike 0-1: Ground out 5-3 (Groundball, 5, EV 99.4 MPH)
|
Batting: RHB Randy Shrewsbury
|
0-0: Called Strike 0-1: Called Strike 0-2: Ball 1-2: Ball 2-2: DOUBLE (Flyball, 78D, EV 110.6 MPH)
|
Batting: RHB Edwin Madrid
|
0-0: Ball 1-0: Foul Ball, location: 2F 1-1: Swinging Strike 1-2: Strikes out swinging
|
Top of the 2nd over - 0 runs, 1 hit, 0 errors, 1 left on base; Oakland 0 - Seattle 0 |
BOTTOM OF THE 2ND |
Seattle Mariners batting - Pitching for Oakland Athletics : RHP Taek-gyun Kym
|
Batting: RHB Pavpv Ivanushkin
|
0-0: Ball 1-0: Called Strike 1-1: Ball 2-1: Swinging Strike 2-2: Ball 3-2: Base on Balls
|
Batting: RHB Jose Vasquez
|
0-0: Called Strike 0-1: Called Strike 0-2: Ball 1-2: Foul Ball, location: 2F 1-2: Fly out, F8 (Line Drive, 8LM, EV 102.5 MPH)
|
Batting: RHB Harutomi Matsubara
|
0-0: Foul Ball, location: 2F 0-1: Fly out, F9 (Flyball, 9, EV 87.5 MPH)
|
Batting: RHB Jimmy Hammertime
|
0-0: SINGLE (Groundball, 6MD, EV 107.5 MPH) Pavpv Ivanushkin to second Runner from 2nd tries for 3rd, SAFE, throw by CF made to third
|
Batting: LHB Jerrod Cluck
|
0-0: Ball 1-0: Ball 2-0: Ball 3-0: Called Strike 3-1: Fly out, F7 (Flyball, 78M, EV 92.5 MPH)
|
Bottom of the 2nd over - 0 runs, 1 hit, 0 errors, 2 left on base; Oakland 0 - Seattle 0 |
TOP OF THE 3RD |
Oakland Athletics batting - Pitching for Seattle Mariners : RHP Bas Kooy
|
Batting: LHB Al Hernandez
|
0-0: Ground out U3 (Groundball, 3S, EV 80.0 MPH)
|
Batting: RHB Philip Jansen
|
0-0: Fly out, F9 (Flyball, 89M, EV 81.2 MPH)
|
Batting: SHB Moe Lester
|
0-0: Foul Ball, location: 2F 0-1: Foul Ball, location: 2F 0-2: Strikes out looking
|
Top of the 3rd over - 0 runs, 0 hits, 0 errors, 0 left on base; Oakland 0 - Seattle 0 |
BOTTOM OF THE 3RD |
Seattle Mariners batting - Pitching for Oakland Athletics : RHP Taek-gyun Kym
|
Batting: RHB Young-kwang Ohnn
|
0-0: Foul Ball, location: 2F 0-1: Ball 1-1: SOLO HOME RUN (Flyball, 7LD, EV 95.0 MPH), Distance : 341 ft
|
Batting: LHB Dae-ik Yoon
|
0-0: Foul Ball, location: 2F 0-1: Ball 1-1: Ball 2-1: Ball 3-1: Base on Balls
|
Batting: SHB Floyd-William Goof
|
0-0: 2-RUN HOME RUN (Line Drive, 9D, EV 98.8 MPH), Distance : 377 ft
|
Batting: LHB Bi-jun Chien
|
0-0: Ground out 6-3 (Groundball, 6, EV 93.1 MPH)
|
Batting: RHB Pavpv Ivanushkin
|
0-0: Ball 1-0: Ball 2-0: Ball 3-0: Base on Balls
|
Batting: RHB Jose Vasquez
|
0-0: Ball 1-0: SINGLE (Line Drive, 56D, EV 95.0 MPH) Pavpv Ivanushkin to second
|
Batting: RHB Harutomi Matsubara
|
0-0: Ball 1-0: Ball 2-0: Ball 3-0: Called Strike 3-1: Called Strike 3-2: Strikes out swinging
|
Batting: RHB Jimmy Hammertime
|
0-0: Ball 1-0: Fly out, F8 (Flyball, 8LXD, EV 103.8 MPH)
|
Bottom of the 3rd over - 3 runs, 3 hits, 0 errors, 2 left on base; Oakland 0 - Seattle 3 |
TOP OF THE 4TH |
Oakland Athletics batting - Pitching for Seattle Mariners : RHP Bas Kooy
|
Batting: RHB Muneo Kawachi
|
0-0: Ball 1-0: Ball 2-0: Called Strike 2-1: Foul Ball, location: 2F 2-2: Ball 3-2: Foul Ball, location: 2F 3-2: Strikes out swinging
|
Batting: LHB Joel Kunkler
|
0-0: Foul Ball, location: 2F 0-1: Ball 1-1: Foul Ball, location: 2F 1-2: SINGLE (Groundball, 56D, EV 96.9 MPH)
|
Batting: LHB Sakae Kasahara
|
0-0: Grounds into double play, 4-6-3 (Groundball, 4, EV 78.1 MPH)
|
Top of the 4th over - 0 runs, 1 hit, 0 errors, 0 left on base; Oakland 0 - Seattle 3 |
BOTTOM OF THE 4TH |
Seattle Mariners batting - Pitching for Oakland Athletics : RHP Taek-gyun Kym
|
Batting: LHB Jerrod Cluck
|
0-0: Ball 1-0: Ball 2-0: Fly out, F6 (Popup, 6M, EV 65.6 MPH)
|
Batting: RHB Young-kwang Ohnn
|
0-0: Ball 1-0: Called Strike 1-1: Fly out, F9 (Flyball, 89S, EV 92.5 MPH)
|
Batting: LHB Dae-ik Yoon
|
0-0: Ball 1-0: Foul Ball, location: 2F 1-1: Foul Ball, location: 2F 1-2: Ball 2-2: Fly out, F7 (Flyball, 78D, EV 108.8 MPH)
|
Bottom of the 4th over - 0 runs, 0 hits, 0 errors, 0 left on base; Oakland 0 - Seattle 3 |
TOP OF THE 5TH |
Oakland Athletics batting - Pitching for Seattle Mariners : RHP Bas Kooy
|
Batting: SHB Quincy Bradford
|
0-0: Ball 1-0: Ball 2-0: Called Strike 2-1: Called Strike 2-2: Strikes out swinging
|
Batting: RHB Randy Shrewsbury
|
0-0: Ground out 6-3 (Groundball, 6S, EV 85.6 MPH)
|
Batting: RHB Edwin Madrid
|
0-0: Called Strike 0-1: Ball 1-1: Ball 2-1: Swinging Strike 2-2: Foul Ball, location: 2F 2-2: Foul Ball, location: 2F 2-2: Ground out 5-3 (Groundball, 56, EV 100.6 MPH)
|
Top of the 5th over - 0 runs, 0 hits, 0 errors, 0 left on base; Oakland 0 - Seattle 3 |
BOTTOM OF THE 5TH |
Seattle Mariners batting - Pitching for Oakland Athletics : RHP Taek-gyun Kym
|
Batting: SHB Floyd-William Goof
|
0-0: Foul Ball, location: 2F 0-1: Ball 1-1: Ball 2-1: Ball 3-1: Foul Ball, location: 2F 3-2: SINGLE (Groundball, 56D, EV 110.0 MPH) (infield hit)
|
Batting: LHB Bi-jun Chien
|
0-0: TRIPLE (Flyball, 89XD, EV 100.6 MPH) Floyd-William Goof scores
|
Batting: RHB Pavpv Ivanushkin
|
0-0: Ball 1-0: Called Strike 1-1: Foul Ball, location: 2F 1-2: Ball 2-2: Ball 3-2: Fly out, F8 (Flyball, 8RD, EV 95.6 MPH)
|
Batting: RHB Jose Vasquez
|
0-0: Ball 1-0: Called Strike 1-1: Swinging Strike 1-2: Strikes out swinging
|
Batting: RHB Harutomi Matsubara
|
0-0: Foul Ball, location: 2F 0-1: Ball 1-1: Fly out, F3 (Popup, 3S, EV 73.8 MPH)
|
Bottom of the 5th over - 1 run, 2 hits, 0 errors, 1 left on base; Oakland 0 - Seattle 4 |
TOP OF THE 6TH |
Oakland Athletics batting - Pitching for Seattle Mariners : RHP Bas Kooy
|
Batting: LHB Al Hernandez
|
0-0: Called Strike 0-1: Ground out 6-3 (Groundball, P, EV 81.2 MPH)
|
Batting: RHB Philip Jansen
|
0-0: Called Strike 0-1: Ball 1-1: Called Strike 1-2: Hit by Pitch
|
Batting: SHB Moe Lester
|
0-0: Ball 1-0: Ball 2-0: Ball 3-0: Called Strike 3-1: Base on Balls Philip Jansen to second
|
Batting: RHB Muneo Kawachi
|
0-0: Fly out, F9 (Flyball, 9, EV 89.4 MPH)
|
Batting: LHB Joel Kunkler
|
0-0: Ball 1-0: Called Strike 1-1: Called Strike 1-2: Ground out U3 (Groundball, 3, EV 84.4 MPH)
|
Top of the 6th over - 0 runs, 0 hits, 0 errors, 2 left on base; Oakland 0 - Seattle 4 |
BOTTOM OF THE 6TH |
Seattle Mariners batting - Pitching for Oakland Athletics : RHP Taek-gyun Kym
|
Batting: RHB Jimmy Hammertime
|
0-0: Ball 1-0: Ball 2-0: Called Strike 2-1: Foul Ball, location: 2F 2-2: Strikes out swinging, 2-3 out at first.
|
Batting: LHB Jerrod Cluck
|
0-0: Ball 1-0: Ball 2-0: Foul Ball, location: 2F 2-1: Ground out U3 (Groundball, 3, EV 87.5 MPH)
|
Batting: RHB Young-kwang Ohnn
|
0-0: Ball 1-0: Ball 2-0: Swinging Strike 2-1: Called Strike 2-2: Ball 3-2: Foul Ball, location: 2F 3-2: Foul Ball, location: 2F 3-2: Strikes out swinging
|
Bottom of the 6th over - 0 runs, 0 hits, 0 errors, 0 left on base; Oakland 0 - Seattle 4 |
TOP OF THE 7TH |
Oakland Athletics batting - Pitching for Seattle Mariners : RHP Bas Kooy
|
Now at 3B: Corey Ottinger
|
|
Batting: LHB Sakae Kasahara
|
0-0: Called Strike 0-1: Swinging Strike 0-2: SINGLE (Groundball, 34S, EV 71.2 MPH) (infield hit)
|
Batting: SHB Quincy Bradford
|
0-0: Ball 1-0: Ball 2-0: Called Strike 2-1: Fly out, F7 (Flyball, 78S, EV 87.5 MPH)
|
Batting: RHB Randy Shrewsbury
|
0-0: Ball 1-0: Ball 2-0: SINGLE (Flyball, 7LS, EV 93.8 MPH) Sakae Kasahara to second
|
Batting: RHB Edwin Madrid
|
0-0: Ball 1-0: Ball 2-0: Ball 3-0: Called Strike 3-1: Base on Balls Sakae Kasahara to third Randy Shrewsbury to second
|
Batting: LHB Al Hernandez
|
0-0: Ball 1-0: SINGLE (Groundball, 4D, EV 96.2 MPH) Sakae Kasahara scores Randy Shrewsbury to third Edwin Madrid to second Runner from 3rd tries for Home, SAFE, throw by RF to home
|
Pinch Hitting: SHB Ryan Langlois
|
0-0: Ball 1-0: Ball Passed Ball! Edwin Madrid to third Al Hernandez to second 2-0: Ball 3-0: Base on Balls
|
Batting: SHB Moe Lester
|
0-0: Foul Ball, location: 2F 0-1: Fly out, F9 (Line Drive, 9, EV 94.4 MPH) Runner from 3rd tags up, SCORES, throw by RF
|
Batting: RHB Muneo Kawachi
|
0-0: Called Strike 0-1: Ball 1-1: Called Strike 1-2: Strikes out looking
|
Top of the 7th over - 3 runs, 3 hits, 0 errors, 2 left on base; Oakland 3 - Seattle 4 |
BOTTOM OF THE 7TH |
Seattle Mariners batting - Pitching for Oakland Athletics : RHP Taek-gyun Kym
|
Pitching: LHP Bobby Carroll
|
|
Now in RF: Nick Gentzel
|
|
Batting: LHB Dae-ik Yoon
|
0-0: Ball 1-0: Ball 2-0: Ball 3-0: Called Strike 3-1: Base on Balls
|
Batting: SHB Floyd-William Goof
|
0-0: Ball 1-0: Bunted foul 1-1: Ball 2-1: Sac Bunt to 23 - play at first, batter OUT! 3-4 Dae-ik Yoon to second
|
Batting: LHB Bi-jun Chien
|
0-0: Ball 1-0: Foul Ball, location: 2F 1-1: Ground out 1-3 (Groundball, 15S, EV 62.5 MPH)
|
Batting: RHB Pavpv Ivanushkin
|
0-0: SINGLE (Line Drive, 9S, EV 105.6 MPH) Dae-ik Yoon to third
|
Batting: RHB Jose Vasquez
|
0-0: Called Strike 0-1: Foul Ball, location: 2F 0-2: Strikes out swinging
|
Bottom of the 7th over - 0 runs, 1 hit, 0 errors, 2 left on base; Oakland 3 - Seattle 4 |
TOP OF THE 8TH |
Oakland Athletics batting - Pitching for Seattle Mariners : RHP Bas Kooy
|
Batting: LHB Joel Kunkler
|
0-0: Called Strike 0-1: Ball 1-1: Swinging Strike 1-2: Ball 2-2: Foul Ball, location: 2F 2-2: Foul Ball, location: 2F 2-2: SINGLE (Groundball, 5, EV 104.4 MPH) (infield hit)
|
Pitching: LHP Lance Crumpton
|
|
Pinch Runner at 1st Garry Hash:
|
|
Batting: LHB Sakae Kasahara
|
0-0: Called Strike 0-1: Swinging Strike 0-2: Ball 1-2: Grounds into double play, 5-6-3 (Groundball, 6, EV 85.0 MPH)
|
Batting: SHB Quincy Bradford
|
0-0: Foul Ball, location: 2F 0-1: Called Strike 0-2: Ball 1-2: SINGLE (Groundball, 6MS, EV 63.8 MPH) (infield hit)
|
Batting: RHB Randy Shrewsbury
|
0-0: Fly out, F7 (Flyball, 78S, EV 75.6 MPH)
|
Top of the 8th over - 0 runs, 2 hits, 0 errors, 1 left on base; Oakland 3 - Seattle 4 |
BOTTOM OF THE 8TH |
Seattle Mariners batting - Pitching for Oakland Athletics : LHP Bobby Carroll
|
Pitching: RHP Mike Pedigo
|
|
Batting: RHB Harutomi Matsubara
|
0-0: SINGLE (Line Drive, 78S, EV 111.2 MPH)
|
Batting: RHB Corey Ottinger
|
0-0: Called Strike 0-1: Ball Harutomi Matsubara steals 2nd base 1-1: Ball 2-1: Foul Ball, location: 2F 2-2: Ball 3-2: Strikes out swinging passed ball, reaches first! Harutomi Matsubara to third
|
Batting: LHB Jerrod Cluck
|
0-0: SINGLE (Line Drive, 56D, EV 95.0 MPH) Harutomi Matsubara scores Corey Ottinger to second
|
Batting: RHB Young-kwang Ohnn
|
0-0: Called Strike 0-1: Foul Ball, location: 2F 0-2: Foul Ball, location: 2F 0-2: Ball 1-2: Grounds into double play, 5-4-3 (Groundball, 5S, EV 86.2 MPH) Corey Ottinger to third
|
Batting: LHB Dae-ik Yoon
|
0-0: Ball 1-0: Called Strike 1-1: Ball 2-1: Swinging Strike 2-2: Strikes out swinging
|
Bottom of the 8th over - 1 run, 2 hits, 0 errors, 1 left on base; Oakland 3 - Seattle 5 |
TOP OF THE 9TH |
Oakland Athletics batting - Pitching for Seattle Mariners : LHP Lance Crumpton
|
Pitching: RHP Omar Colunga
|
|
Now at 2B: Malik Brookshire
|
|
Batting: RHB Edwin Madrid
|
0-0: Foul Ball, location: 2F 0-1: Swinging Strike 0-2: Foul Ball, location: 2F 0-2: Ball 1-2: Ball 2-2: Strikes out looking
|
Batting: LHB Al Hernandez
|
0-0: Called Strike 0-1: Ball 1-1: Swinging Strike 1-2: Foul Ball, location: 2F 1-2: Strikes out swinging
|
Batting: RHB Nick Gentzel
|
0-0: SOLO HOME RUN (Flyball, 7LD, EV 96.2 MPH), Distance : 346 ft
|
Batting: SHB Moe Lester
|
0-0: Ball 1-0: Swinging Strike 1-1: Foul Ball, location: 2F 1-2: Strikes out swinging
|
Top of the 9th over - 1 run, 1 hit, 0 errors, 0 left on base; Oakland 4 - Seattle 5 |
|